 Dungeon Crawl Stone Soup version 0.27-a0-1196-g3e9cee4cb2 (webtiles) character file.

Game seed: 3500975486045439554

1697 Kinoniko the Chopper (level 9, -3/73 HPs)
             Began as a Gnoll Berserker on May 28, 2021.
             Was an Elder of Trog.
             Killed by divine providence
             ... invoked by an orc priest
              (10 damage)
             ... on level 7 of the Dungeon.
             The game lasted 00:06:02 (6561 turns).

Kinoniko the Chopper (Gnoll Berserker)              Turns: 6561, Time: 00:06:02

Health: -3/73      AC: 15    Str: 19    XL:     9   Next: 3%
Magic:  14/14      EV:  8    Int:  8    God:    Trog [****..]
Gold:   237        SH: 13    Dex: 11    Spells: 15/15 levels left

rFire    . . .     SeeInvis .   q - +2 flail (protect)
rCold    . . .     Faith    .   d - +0 tower shield
rNeg     . . .     Spirit   .   r - +2 ring mail {Will+}
rPois    .         Reflect  .   (no helmet)
rElec    .         Harm     .   (no cloak)
rCorr    .         Rampage  .   (no gloves)
Will     +....                  (no boots)
Stlth    ++........             o - amulet of the acrobat
HPRegen  0.22/turn              (no ring)
MPRegen  0.14/turn              (no ring)

@: lethally poisoned (-3 -> -20), under a protective aura, on berserk cooldown,
slowed, very slow
A: fangs 1, strong nose, distributed training
a: Renounce Religion, Berserk, Trog's Hand, Brothers in Arms


You were on level 7 of the Dungeon.
You worshipped Trog.
Trog was greatly pleased with you.
You visited 1 branch of the dungeon, and saw 7 of its levels.

You collected 237 gold pieces.

Inventory:

Hand Weapons
 a - a +0 hand axe
 q - a +2 flail of protection (weapon)
Missiles
 b - a curare-tipped dart
Armour
 d - a +0 tower shield (worn)
 r - a +2 ring mail of willpower (worn)
Jewellery
 o - an amulet of the acrobat (around neck)
Wands
 j - a wand of acid (17)
Scrolls
 c - 2 scrolls of teleportation
 e - a scroll of blinking {unknown}
 f - a scroll of enchant weapon
 h - a scroll of torment
 p - a scroll of fear
Potions
 i - 4 potions of lignification {unknown}
 m - a potion of curing
 n - 2 potions of berserk rage


   Skills:
 + Level 7.6 Fighting
 + Level 3.8 Short Blades
 + Level 3.8 Long Blades
 + Level 7.6 Axes
 + Level 3.8 Maces & Flails
 + Level 3.8 Polearms
 + Level 3.8 Staves
 + Level 3.8 Slings
 + Level 3.8 Bows
 + Level 3.8 Crossbows
 + Level 3.8 Throwing
 + Level 6.0 Armour
 + Level 6.0 Dodging
 + Level 3.8 Stealth
 + Level 3.8 Shields
 + Level 3.8 Unarmed Combat
 + Level 3.8 Spellcasting
 + Level 3.1 Conjurations
 + Level 3.1 Hexes
 + Level 3.1 Summonings
 + Level 3.1 Necromancy
 + Level 3.1 Translocations
 + Level 3.1 Transmutations
 + Level 3.1 Fire Magic
 + Level 3.1 Ice Magic
 + Level 3.1 Air Magic
 + Level 3.1 Earth Magic
 + Level 3.1 Poison Magic
 + Level 4.2 Invocations
 + Level 3.8 Evocations


You had 15 spell levels left.
You didn't know any spells.
Your spell library was empty.

Dungeon Overview and Level Annotations

Branches:
Dungeon (7/15)             Temple (0/1) D:5

Altars:
Ashenzari
Dithmenos
Okawaru
Qazlal
Ru
Trog
Uskayaw
Wu Jian
Zin

Shops:
D:1 :*?   D:5 *

Portals:
Bailey: D:7

Annotations:
D:7 Maggie


Innate Abilities, Weirdness & Mutations

You have very sharp teeth.
Your uncanny sense of smell can sniff out nearby items.
Your experience applies equally to all skills.


Message History

Unknown command.
You sock Maggie! Your bite misses Maggie.
Maggie is moderately wounded.
You feel very sick. The orc closely misses you.
You block the orc priest's attack.
Maggie hits you with a +1 halberd of venom.
You are more poisoned.
You block the orc's attack.
You hit Maggie.
Maggie is moderately wounded.
You feel very sick. You block the orc priest's attack.
Maggie hits you but does no damage.
You are more poisoned.
The orc priest hits you but does no damage.
The orc hits you but does no damage.
You completely miss Maggie.
Maggie is moderately wounded.
You feel extremely sick. The orc priest closely misses you.
You block Maggie's attack. The orc hits you with a +0 mace.
* * * LOW HITPOINT WARNING * * *
The orc priest looks encouraged for a moment.
You closely miss Maggie.
Maggie is moderately wounded.
You feel very sick. You block the orc priest's attack.
Maggie hits you with a +1 halberd of venom.
* * * LOW HITPOINT WARNING * * *
You are lethally poisoned!
The orc hits you but does no damage.
You sock Maggie!
Maggie is heavily wounded.
You are no longer berserk.
You are exhausted.
You feel yourself slow down.
* * * LOW HITPOINT WARNING * * *
You feel very sick.
The orc priest mumbles some strange prayers to Beogh against you.
Beogh smites you!
You die...

..########.##
#####........#
#........##..#
.#.#.#..##..#. ∆
#.#.#........
#..........#..
#>..#..##.##....
#.#..........#
...
#.....)@8....#
###
###...o@o....#
#..8.Z...8.#
#...(......#
..............
.##.8...∩...8..
#............
.........$...


You could see Maggie, an orc priest (fast), an orc and a centaur zombie.

Vanquished Creatures
  Edmund (D:4)
  A water moccasin (D:7)
  A black bear (D:6)
  An ice beast (D:6)
  A centaur (D:7)
  A phantom (D:5)
  A bullfrog (D:6)
  A kobold brigand (D:7)
  A scorpion (D:5)
  A wyvern skeleton (D:3)
  A water moccasin skeleton (D:5)
  4 wights (D:6)
  A howler monkey (D:6)
  A gnoll shaman (D:5)
  2 orc priests
  A centaur skeleton (D:5)
  5 hounds
  A bullfrog skeleton (D:7)
  3 iguanas
  3 orc wizards
  A killer bee zombie (D:7)
  A hound skeleton (D:4)
  3 gnolls (D:5)
  A howler monkey skeleton (D:4)
  4 adders
  An ufetubus (D:5)
  An adder skeleton (D:3)
  A worm (D:3)
  2 dart slugs
  15 orcs
  3 endoplasms
  A giant cockroach (D:2)
  10 goblins
  11 hobgoblins
  16 jackals
  5 kobolds
  A quokka (D:2)
  3 ball pythons
  3 bats
  3 frilled lizards
  6 rats
124 creatures vanquished.

Notes
Turn   | Place    | Note
-------+----------+-------------------------------------------
     0 | D:1      | Kinoniko the Gnoll Berserker began the quest for the Orb.
     0 | D:1      | Reached XP level 1. HP: 23/23 MP: 1/1
   292 | D:1      | Reached XP level 2. HP: 19/29 MP: 2/2
   419 | D:1      | Found Huiwov's Magic Scroll Shop.
   508 | D:1      | Found Lageykku's General Store.
   660 | D:1      | Found Taluegul's Book Boutique.
   881 | D:2      | Reached XP level 3. HP: 35/35 MP: 3/3
  1417 | D:2      | Reached ** piety under Trog
  1420 | D:2      | Reached skill level 1 in Invocations
  1994 | D:3      | Reached skill level 1 in Short Blades
  1994 | D:3      | Reached skill level 1 in Long Blades
  1994 | D:3      | Reached skill level 1 in Maces & Flails
  1994 | D:3      | Reached skill level 1 in Polearms
  1994 | D:3      | Reached skill level 1 in Staves
  1994 | D:3      | Reached skill level 1 in Slings
  1994 | D:3      | Reached skill level 1 in Bows
  1994 | D:3      | Reached skill level 1 in Crossbows
  1994 | D:3      | Reached skill level 1 in Throwing
  1994 | D:3      | Reached skill level 1 in Stealth
  1994 | D:3      | Reached skill level 1 in Shields
  1994 | D:3      | Reached skill level 1 in Unarmed Combat
  1994 | D:3      | Reached skill level 1 in Spellcasting
  1994 | D:3      | Reached skill level 1 in Evocations
  2226 | D:3      | Reached XP level 4. HP: 38/41 MP: 5/5
  2408 | D:3      | Found a faded altar of an unknown god.
  2445 | D:3      | Reached skill level 1 in Conjurations
  2445 | D:3      | Reached skill level 1 in Hexes
  2445 | D:3      | Reached skill level 1 in Summonings
  2445 | D:3      | Reached skill level 1 in Necromancy
  2445 | D:3      | Reached skill level 1 in Translocations
  2445 | D:3      | Reached skill level 1 in Transmutations
  2445 | D:3      | Reached skill level 1 in Fire Magic
  2445 | D:3      | Reached skill level 1 in Ice Magic
  2445 | D:3      | Reached skill level 1 in Air Magic
  2445 | D:3      | Reached skill level 1 in Earth Magic
  2445 | D:3      | Reached skill level 1 in Poison Magic
  2608 | D:3      | Reached XP level 5. HP: 26/47 MP: 6/6
  2930 | D:3      | Found a bloodstained altar of Trog.
  2931 | D:3      | Found an iron altar of Okawaru.
  3243 | D:4      | Found an ornate altar of the Wu Jian Council.
  3468 | D:4      | Noticed Edmund
  3485 | D:4      | Killed Edmund
  3486 | D:4      | Reached skill level 5 in Armour
  3486 | D:4      | Reached skill level 5 in Dodging
  3486 | D:4      | Reached XP level 6. HP: 53/53 MP: 7/9
  3580 | D:4      | Reached *** piety under Trog
  3918 | D:4      | Found a sacrificial altar of Ru.
  4059 | D:5      | Entered Level 5 of the Dungeon
  4164 | D:5      | Found Jaem's Elemental Accessories.
  4192 | D:5      | Reached XP level 7. HP: 49/59 MP: 10/10
  4501 | D:5      | Found a broken altar of Ashenzari.
  4762 | D:5      | Found a staircase to the Ecumenical Temple.
  4984 | D:5      | Found a shadowy altar of Dithmenos.
  5245 | D:6      | Reached XP level 8. HP: 67/67 MP: 12/12
  5406 | D:6      | Found a hide-covered altar of Uskayaw.
  5676 | D:6      | Found a glowing silver altar of Zin.
  5808 | D:6      | Reached **** piety under Trog
  6476 | D:7      | Reached XP level 9. HP: 72/72 MP: 14/14
  6501 | D:7      | Found a stormy altar of Qazlal.
  6543 | D:7      | Found a flagged portal.
  6544 | D:7      | Noticed Maggie
  6561 | D:7      | Killed from afar by an orc priest

Illustrated notes

Levels and vault maps discovered:
D:1:      nzn_arrival_crosshair, layout_loops_cross, serial_shops,
          shop_fountains, shop, shop_fountains
D:2:      layout_loops_corners, minmay_tromino_mix6
D:3:      layout_basic, grunt_temple_overflow_bloody_war,
          hellmonk_ecumenical_altar_zigzags, minmay_misc_feat_columns,
          hangedman_decor_riveting
D:4:      layout_rooms, lemuel_doored_altar,
          nicolae_wu_jian_immortal_techniques, uniq_edmund
D:5:      layout_loops_ring, nicolae_ashenzari_skybound,
          lemuel_coloured_pillars_altar, minmay_temple_entry_gardened_gates,
          nicolae_elemental_shop
D:6:      layout_basic, nicolae_uskayaw_suspiria, lemuel_tele_altar
D:7:      layout_loops_cross, nicolae_qazlal_style_of_elements, enter_bailey_6,
          dk_noncrumbling_3, chequers_serial_rivers_small_a, st_stairs_8,
          uniq_menkaure, uniq_maggie

Skill      XL: |  1  2  3  4  5  6  7  8 |
---------------+-------------------------+-----
Invocations    | 1 2 3 4 |  4.2
Short Blades   | 1 2 3 |  3.8
Long Blades    | 1 2 3 |  3.8
Maces & Flails | 1 2 3 |  3.8
Polearms       | 1 2 3 |  3.8
Staves         | 1 2 3 |  3.8
Slings         | 1 2 3 |  3.8
Bows           | 1 2 3 |  3.8
Crossbows      | 1 2 3 |  3.8
Throwing       | 1 2 3 |  3.8
Stealth        | 1 2 3 |  3.8
Shields        | 1 2 3 |  3.8
Unarmed Combat | 1 2 3 |  3.8
Spellcasting   | 1 2 3 |  3.8
Evocations     | 1 2 3 |  3.8
Conjurations   | 1 2 3 |  3.1
Hexes          | 1 2 3 |  3.1
Summonings     | 1 2 3 |  3.1
Necromancy     | 1 2 3 |  3.1
Translocations | 1 2 3 |  3.1
Transmutations | 1 2 3 |  3.1
Fire Magic     | 1 2 3 |  3.1
Ice Magic      | 1 2 3 |  3.1
Air Magic      | 1 2 3 |  3.1
Earth Magic    | 1 2 3 |  3.1
Poison Magic   | 1 2 3 |  3.1
Armour         | 5 6 |  6.0
Dodging        | 5 6 |  6.0
Fighting       | 7 |  7.6
Axes           | 7 |  7.6

Action                   |  1- 3 |  4- 6 |  7- 9 || total
-------------------------+-------+-------+-------++-------
Melee: Hand axe          |   112 |   106 |       ||   218
       Bite              |     6 |    15 |    17 ||    38
       Flail             |       |    48 |   155 ||   203
Invok: Berserk           |       |     2 |     5 ||     7
  Use: Scroll            |       |     6 |       ||     6
       Potion            |       |       |     3 ||     3
 Stab: Sleeping          |       |     1 |       ||     1
Armor: Animal skin       |     4 |       |       ||     4
       Scale mail        |    34 |    34 |       ||    68
       Ring mail         |       |    31 |   101 ||   132
Dodge: Dodged            |    56 |   113 |   105 ||   274
Block: Tower shield      |       |       |    77 ||    77

Table legend: (Time is in decaauts)
 A = Elapsed time spent in this place.
 B = Non-inter-level travel time spent in this place.
 C = Inter-level travel time spent in this place.
 D = Time resting spent in this place.
 E = Time spent auto-exploring this place.
 F = Levels seen in this place.
 G = Mean time per level.
                   A        B        C        D        E       F      G
               +--------+--------+--------+--------+--------+-----+--------+
         Total |   6672 |   6412 |    260 |    442 |   5152 |   7 |  953.1 |
       Dungeon |   6672 |   6412 |    260 |    442 |   5152 |   7 |  953.1 |
               +--------+--------+--------+--------+--------+-----+--------+

Top non-repeatable levels by time:
     D:3: 1183 daAuts
     D:5: 1149 daAuts
     D:2: 1019 daAuts
     D:4: 1013 daAuts
     D:6: 986 daAuts
     D:1: 866 daAuts
     D:7: 453 daAuts
